 Dungeon Crawl Stone Soup version 0.22-a0-848-ge9e22a0 (webtiles) character file.

1148 Kuinu the Skirmisher (level 8, 0/73 HPs)
             Began as a Minotaur Fighter on July 26, 2018.
             Was a Follower of Trog.
             Slain by an orc warrior
             ... wielding a +0 battleaxe
              (14 damage)
             ... on level 5 of the Dungeon.
             The game lasted 00:08:31 (3993 turns).

Kuinu the Skirmisher (Minotaur Fighter)             Turns: 3993, Time: 00:08:32

Health: 0/73       AC: 11    Str: 22    XL:     8   Next: 15%
Magic:  7/7        EV:  8    Int:  5    God:    Trog [*.....]
Gold:   466        SH:  0    Dex: 11    Spells: 7/7 levels left

rFire    x . .     SeeInvis .   a - +0 long sword
rCold    + . .     Gourm    .   c - +0 shield
rNeg     . . .     Faith    .   u - +0 chain mail
rPois    .         Spirit   .   (helmet restricted)
rElec    .         Reflect  .   (no cloak)
rCorr    .         Harm     .   h - +0 pair of gloves (curse)
MR       .....                  (no boots)
Stlth    ..........             (no amulet)
HPRegen  0.22/turn              e - +2 ring of evasion
MPRegen  0.10/turn              g - ring of ice

@: confused
A: retaliatory headbutt, horns 2
a: Berserk, Renounce Religion


You were on level 5 of the Dungeon.
You worshipped Trog.
Trog was aware of your devotion.
You were not hungry.

You visited 1 branch of the dungeon, and saw 5 of its levels.

You collected 466 gold pieces.

Inventory:

Hand Weapons
 a - a +0 long sword (weapon)
Armour
 b - a +0 scale mail
 c - a +0 shield (worn)
 h - a cursed +0 pair of gloves (worn)
 u - a +0 chain mail (worn)
Jewellery
 e - a +2 ring of evasion (left hand)
 g - a ring of ice (right hand)
Wands
 j - a wand of flame (40)
 l - a wand of acid (6)
Scrolls
 i - a scroll of enchant armour {unknown}
 m - a scroll of amnesia {unknown}
 n - 5 scrolls of teleportation
 o - 2 scrolls of fear
 r - a scroll of magic mapping {unknown}
 s - 2 scrolls of remove curse {unknown}
 t - 2 scrolls of blinking
 x - a scroll of immolation {unknown}
Potions
 d - 2 potions of agility
Comestibles
 f - 10 rations
 A - 4 chunks of flesh


   Skills:
 * Level 7.6 Fighting
 * Level 7.2 Long Blades
 + Level 5.8 Armour
 + Level 5.9 Shields


You had 7 spell levels left.
You didn't know any spells.
Your spell library was empty.

Dungeon Overview and Level Annotations

Branches:
Dungeon (5/15)             Temple (0/1) D:4

Altars:
Dithmenos
Makhleb
Nemelex Xobeh
Qazlal
Ru
Trog
Uskayaw
Vehumet


Innate Abilities, Weirdness & Mutations

You reflexively headbutt those who attack you in melee.
You have a pair of horns on your head.


Message History

You hit the orc warrior but do no damage.
The orc warrior barely misses you.
It was a potion of haste.
You feel yourself speed up.
You feel sick.
It was a potion of brilliance.
You feel clever all of a sudden.
The orc warrior hits you with a battleaxe.
* * * LOW HITPOINT WARNING * * *
It was a potion of magic.
Magic courses through your body.
It was a potion of curing.
You feel better.
The orc warrior hits you with a battleaxe!
* * * LOW HITPOINT WARNING * * *
It was a potion of cancellation.
Your magical effects are unravelling.
You feel magically purged.
You feel yourself slow down.
You feel a little less clever now.
It was a potion of ambrosia.
You are confused.
You feel invigorated.
The orc warrior hits you with a battleaxe!
You die...

...#.......####.# #...# ######.
##.#............# ##.## #......
##.####.#############.#####.####.
........# ##.......##.####.
##.##############..............#.
##.# #......##).##.......##.#.
...# #.####.##).##.......##.#.
#### #.####o##..##.##.##....).
#.#ooo{o@..##.##.#####.##
#.#o############## ###
#....####......?oo
#....##8..8..8..8.
##.)o#ooo........o
##>.o..o........o
####.##o....%.....o
#.....##8o.8..8..8.
#.##.#####.........


You could see an orc warrior and 5 orcs.

Vanquished Creatures
  Sigmund (D:2)
  An orc warrior (D:5)
  An ice beast (D:5)
  An ogre (D:5)
  A water moccasin zombie (D:5)
  A crimson imp (D:5)
  2 jellies (D:5)
  2 hounds
  2 orc priests
  4 orc wizards
  Ijyb (D:3)
  6 worker ants
  Natasha (D:2)
  Terence (D:2)
  A gnoll (D:1)
  5 adders
  A worm (D:2)
  2 dart slugs (D:1)
  A leopard gecko (D:3)
  14 orcs
  A ball python (D:5)
  2 giant cockroaches
  7 goblins
  8 hobgoblins
  4 jackals (D:5)
  3 quokkas
  7 bats
  7 frilled lizards
  6 kobolds
  6 rats
  A fungus (D:5)
101 creatures vanquished.

Notes
Turn   | Place    | Note
-------+----------+-------------------------------------------
     0 | D:1      | Kuinu the Minotaur Fighter began the quest for the Orb.
     0 | D:1      | Reached XP level 1. HP: 19/19 MP: 0/0
   106 | D:1      | Reached XP level 2. HP: 25/27 MP: 1/1
   415 | D:1      | Reached XP level 3. HP: 30/33 MP: 2/2
   815 | D:2      | Found a sparkling altar of Nemelex Xobeh.
   846 | D:2      | Found a hide-covered altar of Uskayaw.
  1057 | D:2      | Reached XP level 4. HP: 41/41 MP: 3/3
  1106 | D:2      | Noticed Natasha
  1111 | D:2      | Killed Natasha
  1139 | D:2      | Noticed Sigmund
  1145 | D:2      | Killed Sigmund
  1145 | D:2      | Reached skill level 5 in Fighting
  1145 | D:2      | Reached XP level 5. HP: 48/48 MP: 4/4
  1181 | D:2      | Noticed Terence
  1185 | D:2      | Reached XP level 6. HP: 52/56 MP: 5/5
  1186 | D:2      | Killed Terence
  1193 | D:2      | Found a bloodstained altar of Trog.
  1193 | D:2      | Found a sacrificial altar of Ru.
  1197 | D:2      | Became a worshipper of Trog the Wrathful
  1381 | D:2      | Found a stormy altar of Qazlal.
  1660 | D:3      | Reached skill level 5 in Long Blades
  1761 | D:3      | Noticed Ijyb
  1777 | D:3      | Killed Ijyb
  2540 | D:4      | Found a staircase to the Ecumenical Temple.
  2609 | D:4      | Found a shadowy altar of Dithmenos.
  2642 | D:4      | Reached skill level 5 in Armour
  2642 | D:4      | Reached skill level 5 in Shields
  2797 | D:4      | Reached * piety under Trog
  2800 | D:4      | Reached XP level 7. HP: 33/63 MP: 6/6
  3136 | D:4      | Found a burning altar of Makhleb.
  3150 | D:4      | Found a radiant altar of Vehumet.
  3183 | D:5      | Entered Level 5 of the Dungeon
  3388 | D:5      | Found a runed door.
  3844 | D:5      | Reached XP level 8. HP: 73/73 MP: 7/7
  3993 | D:5      | Slain by an orc warrior

Vault maps used:
D:1:      ebering_hopf_link, minmay_parallelograms
D:2:      overflow_temple_1_default, nemelex_xobeh_ov_fountains_minmay,
          eat_drink_and_be_merry_uskayaw, gammafunk_temple_overflow_wave,
          uniq_natasha, uniq_sigmund, uniq_terence
D:3:      uniq_ijyb
D:4:      kennysheep_mini, grunt_dithmenos_smoke, kennysheep_little_box,
          minmay_temple_entry_overgrown, first_ration, minmay_quantized
D:5:      minmay_gold_behind_fungi, minmay_statues_item, lightli_church_of_beogh

Skill      XL: |  1  2  3  4  5  6  7  8 |
---------------+-------------------------+-----
Fighting       | 4 5 6 7 |  7.6
Long Blades    | 3 4 5 6 7 |  7.2
Shields        | 4 5 |  5.9
Armour         | 4 5 |  5.8

Action                   |  1- 3 |  4- 6 |  7- 9 || total
-------------------------+-------+-------+-------++-------
Melee: Long sword        |    89 |    97 |   114 ||   300
       Headbutt          |     7 |    24 |    30 ||    61
  Use: Potion            |       |     2 |     6 ||     8
       Scroll            |       |       |     4 ||     4
  Eat: Chunk             |     1 |     5 |     4 ||    10
Armor: Scale mail        |    41 |    10 |       ||    51
       Chain mail        |       |    44 |    57 ||   101
Dodge: Dodged            |    39 |    42 |    35 ||   116
Block: Shield            |    43 |    51 |    67 ||   161
       Rpst.: Long sword |    11 |     7 |    12 ||    30

Table legend:
 A = Spawn XP
 B = Non-spawn XP
 C = Spawn XP percentage of total XP
 D = Spawn monster count
 E = Non-spawn monster count
 F = Spawn count percentage of total count
 G = Total turns spent on level
                    A         B        C        D         E        F      G
               +---------+---------+-------+---------+---------+-------+---------
         Total |       0 |    1640 |   0.0 |       0 |     100 |   0.0 |  3993
               +---------+---------+-------+---------+---------+-------+---------
           D:1 |       0 |      59 |   0.0 |       0 |      26 |   0.0 |   745
           D:2 |       0 |     357 |   0.0 |       0 |      17 |   0.0 |   655
           D:3 |       0 |      68 |   0.0 |       0 |      14 |   0.0 |  1030
           D:4 |       0 |     279 |   0.0 |       0 |      12 |   0.0 |   753
           D:5 |       0 |     877 |   0.0 |       0 |      31 |   0.0 |   810
               +---------+---------+-------+---------+---------+-------+---------
